[Event "ICC tourney 2541 (3 2)"]
[Site "Internet Chess Club"]
[Date "2021.04.30"]
[Round "8"]
[White "Lopez, Santiago Ernesto:Oyant"]
[Black "Lamas, David:ChessMonkey123"]
[Result "1-0"]
[ICCResult "Black checkmated"]
[WhiteElo "1357"]
[BlackElo "1431"]
[Opening "King's knight's gambit"]
[ECO "C34"]
[NIC "KG.02"]
[Time "22:00:16"]
[PlyCount "35"]
[TimeControl "180+2"]

1. e4 e5 2. f4 exf4 3. Nf3 Nc6 4. d4 d6 5. Bxf4 Nf6 6. Nc3 Bg4 7. h3 Bxf3
8. gxf3 Qd7 9. Bb5 Be7 10. d5 a6 11. dxc6 bxc6 12. Bc4 d5 13. exd5 cxd5 14.
Nxd5 Nxd5 15. Qxd5 Qc8 16. Qxf7+ Kd8 17. O-O-O+ Bd6 18. Bg5# { Black
checkmated } 1-0

[Event "ICC tourney 2541 (3 2)"]
[Site "Internet Chess Club"]
[Date "2021.04.30"]
[Round "8"]
[White "CARDOSO, CARLOS:cjcardoso"]
[Black "palani, mohnishkirupaa:chesswarriors12"]
[Result "0-1"]
[ICCResult "White resigns"]
[WhiteElo "1468"]
[BlackElo "1347"]
[Opening "Four knights: Scotch, 4...exd4"]
[ECO "C47"]
[NIC "RG.01"]
[Time "21:59:25"]
[PlyCount "40"]
[TimeControl "180+2"]

1. e4 e5 2. Nf3 Nf6 3. Nc3 Nc6 4. d4 exd4 5. Nxd4 Bb4 6. Nxc6 bxc6 7. Bd3
d5 8. exd5 cxd5 9. O-O O-O 10. h3 Bb7 11. Ne2 Bd6 12. c4 dxc4 13. Bxc4 Qd7
14. Qc2 Qc6 15. f3 Rfe8 16. Nd4 Bc5 17. Rd1 Rad8 18. Qc3 Qb6 19. Be3 Rxe3
20. Qxe3 Rxd4 { White resigns } 0-1

[Event "ICC tourney 2541 (3 2)"]
[Site "Internet Chess Club"]
[Date "2021.04.30"]
[Round "8"]
[White "YE, LUKE SICONG:lukeye"]
[Black "ERARD, ERIC CHRISTIAN:eric-erard"]
[Result "1-0"]
[ICCResult "Black checkmated"]
[WhiteElo "2075"]
[BlackElo "1695"]
[Opening "French: classical, Steinitz variation"]
[ECO "C14"]
[NIC "FR.06"]
[Time "21:59:36"]
[PlyCount "105"]
[TimeControl "180+2"]

1. e4 e6 2. d4 d5 3. Nc3 Nf6 4. Bg5 Be7 5. e5 Nfd7 6. Bxe7 Qxe7 7. f4 Nc6
8. Nb5 Nb6 9. c3 a6 10. Na3 Bd7 11. Nf3 h5 12. Bd3 h4 13. Rb1 O-O-O 14. b4
a5 15. Nb5 axb4 16. cxb4 Nxb4 17. Be2 Bxb5 18. Bxb5 Nxa2 19. Qb3 c6 20.
Bxc6 bxc6 21. Qxb6 Qc7 22. Qa6+ Kd7 23. Rb7 Ra8 24. Rxc7+ Kxc7 25. Qd3 Nb4
26. Qc3 Ra1+ 27. Qxa1 Nc2+ 28. Kd2 Nxa1 29. Rxa1 Kb7 30. Kc3 h3 31. g3 Rb8
32. Rb1+ Kc7 33. Rxb8 Kxb8 34. Ng1 Kc7 35. Nxh3 f6 36. Nf2 Kb6 37. Kb4 f5
38. Nd3 Kc7 39. Nc5 Kd8 40. Nxe6+ Ke7 41. Nxg7 Kd7 42. Nxf5 c5+ 43. Kxc5
Ke6 44. Ng7+ Kd7 45. Kxd5 Kc7 46. e6 Kc8 47. Kd6 Kb7 48. e7 Kb6 49. e8=Q
Ka7 50. Qb5 Ka8 51. Ne6 Ka7 52. Nd8 Ka8 53. Qb7# { Black checkmated } 1-0

[Event "ICC tourney 2541 (3 2)"]
[Site "Internet Chess Club"]
[Date "2021.04.30"]
[Round "8"]
[White "BROWN, MADISON:USChessNinja"]
[Black "Zimmerman, Kevin:blackjack721"]
[Result "0-1"]
[ICCResult "White checkmated"]
[WhiteElo "1714"]
[BlackElo "1359"]
[Opening "Scotch game"]
[ECO "C45"]
[NIC "SO.05"]
[Time "21:59:40"]
[PlyCount "90"]
[TimeControl "180+2"]

1. e4 e5 2. Nf3 Nc6 3. d4 exd4 4. Nxd4 Bc5 5. Be3 Qf6 6. Nc3 Nge7 7. Nxc6
Bxe3 8. fxe3 dxc6 9. Qd2 Bd7 10. O-O-O O-O-O 11. Na4 Bg4 12. Qxd8+ Rxd8 13.
Re1 Qf2 14. Bc4 b5 15. Bxb5 cxb5 16. Nc5 Qd2+ 17. Kb1 Nc6 18. h3 Be2 19.
Rc1 Nb4 20. Nb3 Qxe3 21. Na5 Rd2 22. Nb3 Rxc2 23. Rxc2 Nxc2 24. Kxc2 Qxe4+
25. Kc1 Qxg2 26. Re1 Qc6+ 27. Kb1 Bd3+ 28. Ka1 Bc4 29. Nd4 Qf6 30. Rd1 a5
31. Nc2 a4 32. Nd4 c5 33. Nc2 a3 34. Nxa3 Be2 35. Rc1 Qd4 36. Rb1 b4 37.
Nc2 Qd3 38. Ne1 Qxh3 39. Rc1 c4 40. Nc2 b3 41. Nb4 Qe3 42. Rxc4+ Bxc4 43.
axb3 Qxb3 44. Nd3 Qd1+ 45. Nc1 Qxc1# { White checkmated } 0-1

[Event "ICC tourney 2541 (3 2)"]
[Site "Internet Chess Club"]
[Date "2021.04.30"]
[Round "8"]
[White "POPILSKI, GIL:kurumania"]
[Black "Aimdilokwong, Alec Daniel:Alec-hine"]
[Result "1-0"]
[ICCResult "Black forfeits on time"]
[WhiteElo "2514"]
[BlackElo "1666"]
[Opening "Réti: King's Indian attack"]
[ECO "A05"]
[NIC "QP.11"]
[Time "21:59:48"]
[PlyCount "49"]
[TimeControl "180+2"]

1. Nf3 Nf6 2. g3 g6 3. Bg2 Bg7 4. b3 O-O 5. Bb2 d5 6. c4 e6 7. O-O b6 8.
Nc3 Bb7 9. cxd5 Nxd5 10. Rc1 Nd7 11. d4 c5 12. Nxd5 Bxd5 13. Qd3 cxd4 14.
Bxd4 Nf6 15. Rfd1 Qe7 16. Ne5 Bxg2 17. Kxg2 Rac8 18. Qf3 Nd5 19. e4 Nb4 20.
a3 Nc2 21. Bb2 Nxa3 22. Rxc8 Rxc8 23. Bxa3 Qg5 24. Qxf7+ Kh8 25. Qxe6 {
Black forfeits on time } 1-0

[Event "ICC tourney 2541 (3 2)"]
[Site "Internet Chess Club"]
[Date "2021.04.30"]
[Round "8"]
[White "ALEKSANDROV, ALEKSEJ:Aleksandrov73"]
[Black "MARKOVIC, GORAN:Goran21"]
[Result "0-1"]
[ICCResult "White resigns"]
[WhiteElo "2623"]
[BlackElo "1995"]
[Opening "King's Indian: Makagonov system (5.h3)"]
[ECO "E71"]
[NIC "KI.30"]
[Time "21:59:31"]
[PlyCount "128"]
[TimeControl "180+2"]

1. d4 Nf6 2. c4 g6 3. Nc3 Bg7 4. e4 d6 5. h3 O-O 6. Be3 Nbd7 7. Nf3 e5 8.
d5 Nc5 9. Nd2 a5 10. g4 b6 11. Be2 Ne8 12. h4 f5 13. gxf5 gxf5 14. exf5
Bxf5 15. h5 h6 16. Nb3 a4 17. Nxc5 bxc5 18. Nxa4 e4 19. Nc3 Rb8 20. Qd2 Qf6
21. Rc1 Kh8 22. b3 Bh7 23. Nb5 Qf7 24. b4 cxb4 25. Qxb4 Nf6 26. Qd2 Nd7 27.
Nxc7 Rb2 28. Qd1 Ne5 29. Ne6 Rg8 30. Nxg7 Rxg7 31. Rb1 Rxa2 32. Bd4 e3 33.
Rb8+ Rg8 34. Rxg8+ Kxg8 35. Rg1+ Kf8 36. fxe3 Nd3+ 37. Qxd3 Bxd3 38. Rg2
Rxe2+ 39. Rxe2 Bxe2 40. Kxe2 Qxh5+ 41. Kd3 Ke7 42. e4 Qf3+ 43. Be3 h5 44.
Kd4 h4 45. Bg5+ Kf7 46. Bxh4 Qf4 47. Be1 Qc1 48. Bb4 Qb2+ 49. Bc3 Qf2+ 50.
Kd3 Ke7 51. Bd4 Qf3+ 52. Be3 Kd7 53. Kd4 Qd1+ 54. Kc3 Kc7 55. c5 Qe1+ 56.
Kd3 Qb1+ 57. Kd4 dxc5+ 58. Ke5 c4 59. Bd4 Kd7 60. Bc3 Qd3 61. Bb4 c3 62.
Ba3 c2 63. Bc1 Qd1 64. Bh6 c1=Q { White resigns } 0-1

[Event "ICC tourney 2541 (3 2)"]
[Site "Internet Chess Club"]
[Date "2021.04.30"]
[Round "8"]
[White "BERKLEY, DARRIN K:drberkley"]
[Black "GAO, MATTHEW IAN:xcelswimmer"]
[Result "1-0"]
[ICCResult "Black forfeits on time"]
[WhiteElo "1846"]
[BlackElo "1918"]
[Opening "French: Winawer (Nimzovich) variation"]
[ECO "C15"]
[NIC "FR.08"]
[Time "22:00:16"]
[PlyCount "67"]
[TimeControl "180+2"]

1. e4 e6 2. Nc3 d5 3. d4 Bb4 4. Qg4 Nf6 5. Qxg7 Rg8 6. Qh6 Rg6 7. Qh4 Nxe4
8. Qxd8+ Kxd8 9. Bd2 Nxd2 10. Kxd2 c5 11. a3 Bxc3+ 12. bxc3 Nc6 13. Nf3 b6
14. g3 Bb7 15. Bd3 Rg7 16. Rae1 Rc8 17. h4 h6 18. Bb5 Ke7 19. Bxc6 Bxc6 20.
Ne5 f6 21. Nd3 Bd7 22. Nf4 Kd6 23. Nh5 Rf7 24. Re3 e5 25. Rf3 Bg4 26. Rxf6+
Rxf6 27. Nxf6 Bf3 28. Re1 cxd4 29. cxd4 e4 30. g4 Ke6 31. g5 hxg5 32. hxg5
Rh8 33. Rg1 Bh5 34. Rh1 { Black forfeits on time } 1-0

[Event "ICC tourney 2541 (3 2)"]
[Site "Internet Chess Club"]
[Date "2021.04.30"]
[Round "8"]
[White "CHANG, ANSEL Yiktong:anselc"]
[Black "ZENG, CALEB:calebzeng"]
[Result "1-0"]
[ICCResult "Black checkmated"]
[WhiteElo "933"]
[BlackElo "805"]
[Opening "Vienna: Paulsen variation"]
[ECO "C25"]
[NIC "VG.04"]
[Time "21:59:27"]
[PlyCount "111"]
[TimeControl "180+2"]

1. e4 e5 2. Nc3 Nc6 3. g3 g6 4. Bg2 Bg7 5. Nge2 d6 6. O-O Nge7 7. d3 O-O 8.
f4 f5 9. fxe5 Nxe5 10. Bf4 N7c6 11. d4 Nf7 12. Re1 Bd7 13. Qd2 Re8 14. d5
Nce5 15. Bxe5 Bxe5 16. Nf4 Qg5 17. Nce2 Bxf4 18. Nxf4 Qf6 19. c3 Ng5 20.
Qd3 Re5 21. Re3 Rae8 22. Rae1 a6 23. Kf2 Bb5 24. Qd4 Qe7 25. a4 Bd7 26.
exf5 Rxe3 27. Rxe3 Qxe3+ 28. Qxe3 Rxe3 29. Kxe3 Bxf5 30. Kd4 Kf7 31. h4 Ne4
32. Bxe4 Bd7 33. b3 Ke7 34. c4 c6 35. dxc6 bxc6 36. Bf3 c5+ 37. Ke3 Bf5 38.
Kd2 Kd7 39. Bb7 Kc7 40. Bxa6 Be4 41. Nd5+ Bxd5 42. cxd5 Kb6 43. Bb5 Ka5 44.
Kc3 Kb6 45. Bc6 Kc7 46. Kc4 h6 47. Kb5 g5 48. hxg5 hxg5 49. Ka6 Kb8 50. g4
Kc7 51. Ka7 Kc8 52. a5 Kc7 53. a6 Kc8 54. Kb6 Kb8 55. a7+ Kc8 56. a8=Q# {
Black checkmated } 1-0

[Event "ICC tourney 2541 (3 2)"]
[Site "Internet Chess Club"]
[Date "2021.04.30"]
[Round "8"]
[White "GUSEINOV, GADIR:GGuseinov"]
[Black "VAKHIDOV, JAKHONGIR:TjkTiger"]
[Result "1-0"]
[ICCResult "Black forfeits on time"]
[WhiteElo "2715"]
[BlackElo "2603"]
[Opening "Sicilian: closed"]
[ECO "B23"]
[NIC "SI.44"]
[Time "21:59:22"]
[PlyCount "117"]
[TimeControl "180+2"]

1. e4 c5 2. Nc3 g6 3. d4 cxd4 4. Qxd4 Nf6 5. Nf3 Nc6 6. Qa4 d6 7. e5 dxe5
8. Nxe5 Bd7 9. Nxd7 Nxd7 10. Be2 Bg7 11. O-O O-O 12. Rd1 Qc8 13. Be3 Bxc3
14. bxc3 Nf6 15. Rab1 Rd8 16. Rxd8+ Nxd8 17. Qb3 Qc7 18. Bf3 Rc8 19. Bxa7
Qxc3 20. Rd1 Qxb3 21. cxb3 Nc6 22. Bb6 e5 23. a4 e4 24. Be2 Nb4 25. Bc4 Nd3
26. Bd4 Nd7 27. f3 N3e5 28. Bd5 exf3 29. Bxb7 Rb8 30. Bd5 fxg2 31. Kxg2 Ng4
32. h3 Ngf6 33. Bc4 Ne4 34. a5 Nec5 35. a6 Nxa6 36. Bxa6 Rxb3 37. Rc1 Rb8
38. Rc7 Rd8 39. Bc4 h5 40. h4 Kf8 41. Be3 Ne5 42. Bh6+ Kg8 43. Bb3 Rd7 44.
Rc8+ Kh7 45. Bc1 Nd3 46. Bg5 Kg7 47. Bc4 Ne5 48. Bb3 Rb7 49. Bd5 Rd7 50.
Be4 Ra7 51. Bc2 Ra2 52. Be3 Ng4 53. Bd4+ f6 54. Kg1 Ra3 55. Rc7+ Kh6 56.
Bc5 Rg3+ 57. Kf1 Nh2+ 58. Kf2 Rf3+ 59. Kg2 { Black forfeits on time } 1-0

[Event "ICC tourney 2541 (3 2)"]
[Site "Internet Chess Club"]
[Date "2021.04.30"]
[Round "8"]
[White "NI, BRANDON:chessbn"]
[Black "KALYANRAMAN, NIKHIL:nikhilkalya"]
[Result "0-1"]
[ICCResult "White forfeits on time"]
[WhiteElo "1930"]
[BlackElo "1890"]
[Opening "Réti: King's Indian attack"]
[ECO "A08"]
[NIC "QP.09"]
[Time "21:59:24"]
[PlyCount "100"]
[TimeControl "180+2"]

1. Nf3 d5 2. g3 c5 3. Bg2 Nc6 4. O-O Nf6 5. d3 g6 6. Nbd2 Bg7 7. e4 Bg4 8.
h3 Bxf3 9. Bxf3 dxe4 10. dxe4 O-O 11. c3 Ne5 12. Bg2 Qc7 13. Qe2 Rad8 14.
Nf3 Nd3 15. Bg5 c4 16. e5 Nd5 17. Nd4 Qxe5 18. Qxe5 Bxe5 19. Bxd5 Rxd5 20.
Bxe7 Re8 21. Ba3 Bxd4 22. cxd4 Rxd4 23. Rad1 Rde4 24. b3 b5 25. bxc4 bxc4
26. Kg2 Re2 27. Kf3 Rxa2 28. Bd6 Ree2 29. Rb1 Rxf2+ 30. Rxf2 Rxf2+ 31. Ke4
Rb2 32. Ra1 Rb6 33. Bc7 Rb7 34. Bd8 Nc5+ 35. Ke3 Nb3 36. Rd1 c3 37. Kd3
Rd7+ 38. Kc2 Rxd1 39. Kxd1 Nd4 40. Bf6 Nf5 41. g4 Ne3+ 42. Ke2 Nd5 43. Bd4
a6 44. Kd3 Nf4+ 45. Kxc3 Nxh3 46. Bb6 Ng5 47. Bd8 Ne4+ 48. Kd4 Nd6 49. Bb6
f5 50. g5 Nf7 { White forfeits on time } 0-1

[Event "ICC tourney 2541 (3 2)"]
[Site "Internet Chess Club"]
[Date "2021.04.30"]
[Round "8"]
[White "CALVELO, JELVIS ARANDELA:JelvisCalvelo04"]
[Black "SLADE, THEODORE LUKE:MrNormalName"]
[Result "1-0"]
[ICCResult "Black forfeits on time"]
[WhiteElo "2081"]
[BlackElo "2170"]
[Opening "Nimzo-Indian: classical variation"]
[ECO "E32"]
[NIC "NI.20"]
[Time "21:59:44"]
[PlyCount "99"]
[TimeControl "180+2"]

1. c4 e6 2. Nc3 Nf6 3. d4 Bb4 4. Qc2 O-O 5. a3 Bxc3+ 6. Qxc3 b6 7. f3 d5 8.
b4 a5 9. Bb2 axb4 10. axb4 Rxa1+ 11. Bxa1 c5 12. dxc5 bxc5 13. cxd5 cxb4
14. Qxb4 Na6 15. Qd4 exd5 16. e3 Qa5+ 17. Bc3 Qa3 18. Kf2 Qa2+ 19. Be2 Nc7
20. Qc5 Ne6 21. Qb4 Nd7 22. Qb2 Qxb2 23. Bxb2 Ndc5 24. Nh3 Bd7 25. Ra1 Rb8
26. Be5 Re8 27. Ra7 Nd8 28. Bd6 Ndb7 29. Bxc5 Nxc5 30. Nf4 Be6 31. Rc7 Nb3
32. Bd1 Na5 33. Rc5 Nc4 34. e4 Nb2 35. Bc2 dxe4 36. Nxe6 fxe6 37. fxe4 Ra8
38. Ke3 Na4 39. Rc7 Nb6 40. Kf4 Ra5 41. Rc6 e5+ 42. Kf5 Nd7 43. Bb3+ Kf8
44. Be6 g6+ 45. Kg5 Nc5 46. Bd5 Nd7 47. Kh6 Ra2 48. Bxa2 Nb8 49. Rc8+ Ke7
50. Rxb8 { Black forfeits on time } 1-0

[Event "ICC tourney 2541 (3 2)"]
[Site "Internet Chess Club"]
[Date "2021.04.30"]
[Round "8"]
[White "LEVIN, EVGENY A:Assured"]
[Black "BELOUS, VLADIMIR:Openyagami"]
[Result "1/2-1/2"]
[ICCResult "Game drawn by mutual agreement"]
[WhiteElo "2586"]
[BlackElo "2602"]
[Opening "King's Indian: Torre attack"]
[ECO "A48"]
[NIC "QP.02"]
[Time "21:59:21"]
[PlyCount "146"]
[TimeControl "180+2"]

1. d4 Nf6 2. Nf3 g6 3. Bg5 Ne4 4. Bf4 c5 5. c3 Bg7 6. Nbd2 Nf6 7. e3 O-O 8.
h3 b6 9. Bd3 Bb7 10. O-O d6 11. Qe2 Nc6 12. Bh2 Re8 13. Rfd1 Qc8 14. a4 a6
15. Nc4 Nd7 16. d5 Nce5 17. Ncxe5 Nxe5 18. Bxe5 Bxe5 19. Nxe5 dxe5 20. e4
Qc7 21. Qe3 Qd6 22. Qg3 Bc8 23. h4 Bd7 24. Bc2 b5 25. axb5 axb5 26. Qe3 Kg7
27. Qe1 Qf6 28. Qe3 Qd6 29. Qe1 Reb8 30. Rxa8 Rxa8 31. Ra1 Ra6 32. Qc1 h6
33. Ra3 Rxa3 34. bxa3 e6 35. dxe6 Bxe6 36. Qe3 c4 37. Qc1 Bg4 38. f3 Qc5+
39. Kf1 Be6 40. Ke2 Qe7 41. g3 Qc5 42. Bb1 f6 43. Bc2 g5 44. hxg5 hxg5 45.
g4 Bf7 46. Bb1 Kf8 47. Bc2 Ke7 48. Bb1 Be6 49. Bc2 Kd7 50. Bb1 Kc7 51. Bc2
Bd7 52. Bb1 Qd6 53. Bc2 Bc6 54. Qa1 Qf8 55. Qc1 Kb7 56. Qa1 Qh8 57. Qg1 Qf8
58. Qc1 Qa8 59. Qa1 Qa7 60. Qc1 Qc5 61. Qa1 Kb6 62. Qc1 Ka6 63. Qa1 Qf8 64.
Qc1 Kb7 65. Qa1 Qh8 66. Qg1 Qf8 67. Qc1 Qd6 68. Qa1 Qc5 69. Qc1 Qa7 70. Qa1
Qa5 71. Qb2 Qb6 72. Qc1 Qc5 73. Qa1 Qb6 { Game drawn by mutual agreement }
1/2-1/2

[Event "ICC tourney 2541 (3 2)"]
[Site "Internet Chess Club"]
[Date "2021.04.30"]
[Round "8"]
[White "ZILBERMINTZ, LEV:chessrex"]
[Black "SCHENK, SAM:SupaHotFiya"]
[Result "1-0"]
[ICCResult "Black forfeits on time"]
[WhiteElo "1855"]
[BlackElo "1950"]
[Opening "French: Alapin variation"]
[ECO "C01"]
[NIC "QO.17"]
[Time "21:59:23"]
[PlyCount "165"]
[TimeControl "180+2"]

1. d4 e6 2. e4 d5 3. Be3 f5 4. f3 Nf6 5. e5 Nfd7 6. f4 c5 7. c3 Nc6 8. Nf3
Be7 9. Nbd2 b6 10. Bb5 Bb7 11. O-O a6 12. Be2 a5 13. a4 Ba6 14. Bxa6 Rxa6
15. Qe2 Ra8 16. Nb3 c4 17. Nbd2 O-O 18. Kh1 Re8 19. Rg1 Nf8 20. g4 Ng6 21.
gxf5 exf5 22. Qg2 Bh4 23. Nxh4 Qxh4 24. Qxd5+ Kh8 25. Qxc6 Qh3 26. Qf3 Qh6
27. d5 Rad8 28. d6 Nh4 29. Qg3 g6 30. Bd4 Qh5 31. e6+ Kg8 32. e7 Rxd6 33.
Nxc4 Re6 34. Ne5 R8xe7 35. Rae1 Qh6 36. Qg5 Qxg5 37. Rxg5 Kf8 38. Bxb6 Rxb6
39. Rb1 Reb7 40. Nc4 Ra6 41. Rg3 h6 42. Rd3 g5 43. Re1 Rc7 44. Ne5 Kg7 45.
Rd7+ Rxd7 46. Nxd7 gxf4 47. Ne5 Re6 48. Nd3 Re3 49. Rg1+ Kf6 50. Nxf4 Rf3
51. Nd5+ Ke5 52. c4 Rf2 53. Re1+ Kd4 54. Rd1+ Kc5 55. Ne3 f4 56. Nf1 Rxb2
57. Rd5+ Kxc4 58. Rxa5 Rf2 59. Kg1 Rg2+ 60. Kh1 Rf2 61. Kg1 Rg2+ 62. Kh1 f3
63. Ne3+ Kd3 64. Nxg2 Nxg2 65. Rf5 Ke3 66. a5 Nf4 67. Re5+ Kd4 68. Re1 Nd5
69. a6 Nb6 70. Rb1 Na8 71. Rb8 Nc7 72. a7 Ke3 73. Rb3+ Ke2 74. Rb2+ Ke1 75.
Rb1+ Ke2 76. Rb2+ Ke1 77. Kg1 h5 78. h4 Nd5 79. a8=Q Nf4 80. Qe8+ Ne2+ 81.
Rxe2+ fxe2 82. Qe3 Kd1 83. Kf2 { Black forfeits on time } 1-0

[Event "ICC tourney 2541 (3 2)"]
[Site "Internet Chess Club"]
[Date "2021.04.30"]
[Round "8"]
[White "WILLY, STEPHEN:stephenwilly"]
[Black "SZERENCSY, IAN:iszerencsy"]
[Result "1/2-1/2"]
[ICCResult "Game drawn by mutual agreement"]
[WhiteElo "1460"]
[BlackElo "1371"]
[Opening "Sicilian: Alapin's variation (2.c3)"]
[ECO "B22"]
[NIC "SI.46"]
[Time "21:59:22"]
[PlyCount "291"]
[TimeControl "180+2"]

1. e4 c5 2. c3 e6 3. d4 d5 4. exd5 exd5 5. Nf3 Nf6 6. Bg5 h6 7. Bh4 Bf5 8.
Qb3 Nbd7 9. Bb5 Be7 10. Bxf6 Bxf6 11. Qxd5 Be6 12. Qxc5 Be7 13. Qe5 a6 14.
Bxd7+ Qxd7 15. Nbd2 Bf6 16. Qe2 O-O 17. O-O b5 18. Ne4 Bc4 19. Nxf6+ gxf6
20. Qe3 Kg7 21. Rfe1 Qf5 22. Nh4 Qg5 23. Qxg5+ hxg5 24. Nf5+ Kg6 25. Nd6
Bd5 26. Re7 Rad8 27. Nb7 Rc8 28. Nc5 Rc6 29. Ra7 Rfc8 30. Nxa6 Rb6 31. Nc5
b4 32. h3 bxc3 33. bxc3 Rb2 34. a4 Ra8 35. Rxa8 Bxa8 36. a5 Rc2 37. Ra3 Rd2
38. a6 Rb2 39. a7 Rb6 40. Ra6 Rb1+ 41. Kh2 Rc1 42. Nd7 Rxc3 43. Nb6 Rc6 44.
d5 Rd6 45. f3 Bxd5 46. Kg3 Bb7 47. Ra5 Rxb6 48. a8=Q Bxa8 49. Rxa8 Rb3 50.
Rg8+ Kh7 51. Rd8 Kg7 52. Kg4 Kg6 53. Rd6 Rb4+ 54. Kg3 Rf4 55. Kf2 Ra4 56.
g4 Ra2+ 57. Kg3 Ra1 58. Kg2 Re1 59. Kf2 Re5 60. Kg3 Re1 61. h4 Rh1 62. hxg5
Kxg5 63. f4+ Kg6 64. g5 Kg7 65. Rxf6 Rg1+ 66. Kf3 Rh1 67. Ke4 Re1+ 68. Kf5
Rh1 69. Rd6 Re1 70. Rd7 Rg1 71. Ke5 Re1+ 72. Kd6 Rd1+ 73. Ke7 Re1+ 74. Kd8
Rf1 75. Rd4 Rf3 76. Re4 Rf1 77. Ke8 Rf3 78. Ke7 Ra3 79. f5 Ra5 80. Rf4 Ra7+
81. Kd6 Ra6+ 82. Ke5 Ra5+ 83. Ke4 Ra4+ 84. Kf3 Ra3+ 85. Kg4 Ra1 86. f6+ Kg6
87. Rc4 Rg1+ 88. Kh4 Rxg5 89. Rc8 Rf5 90. Kg4 Rxf6 91. Rg8+ Kh7 92. Rg5 Rg6
93. Kh5 Rh6+ 94. Kg4 f6 95. Ra5 Kg6 96. Ra6 Rh1 97. Kf4 Rf1+ 98. Kg4 Rg1+
99. Kf4 Rg5 100. Ra8 Rf5+ 101. Kg4 Rf1 102. Ra6 Kf7 103. Ra7+ Ke6 104. Ra6+
Ke5 105. Ra5+ Ke4 106. Ra6 f5+ 107. Kg3 Rf3+ 108. Kg2 Rc3 109. Ra4+ Ke3
110. Ra5 f4 111. Re5+ Kd4 112. Rf5 Ke4 113. Rf8 Rc2+ 114. Kg1 Kf3 115. Rg8
Rc1+ 116. Kh2 Kf2 117. Rg2+ Kf3 118. Rg8 Rc2+ 119. Kh1 Rf2 120. Rg7 Ke2
121. Re7+ Kf1 122. Rg7 f3 123. Rf7 Ke2 124. Re7+ Kd1 125. Kg1 Rg2+ 126. Kf1
Rd2 127. Rf7 Rd3 128. Kf2 Rd2+ 129. Kxf3 Ke1 130. Re7+ Kf1 131. Ra7 Rd1
132. Ra2 Kg1 133. Kg3 Rd3+ 134. Kf4 Rd1 135. Kf3 Rf1+ 136. Kg3 Rd1 137. Ra3
Kh1 138. Kf2 Rd2+ 139. Kf1 Rd1+ 140. Ke2 Rb1 141. Ra8 Kg2 142. Rg8+ Kh3
143. Kf2 Rb2+ 144. Kf3 Rb3+ 145. Kf4 Rb4+ 146. Kf3 { Game drawn by mutual
agreement } 1/2-1/2

[Event "ICC tourney 2541 (3 2)"]
[Site "Internet Chess Club"]
[Date "2021.04.30"]
[Round "9"]
[White "CHAN, MATTHEW M:mmchan"]
[Black "LEVIN, EVGENY A:Assured"]
[Result "0-1"]
[ICCResult "White resigns"]
[WhiteElo "1891"]
[BlackElo "2586"]
[Opening "Scandinavian (center counter) defense"]
[ECO "B01"]
[NIC "SD.02"]
[Time "22:16:22"]
[PlyCount "32"]
[TimeControl "180+2"]

1. e4 d5 2. exd5 Qxd5 3. Nc3 Qd8 4. d4 c6 5. Bc4 Bf5 6. Nf3 e6 7. h3 Nd7 8.
g4 Bg6 9. Qe2 Ngf6 10. Ne5 Nxe5 11. dxe5 Nd5 12. Bxd5 cxd5 13. f4 h5 14.
Qb5+ Qd7 15. Qxd7+ Kxd7 16. g5 Bxc2 { White resigns } 0-1

[Event "ICC tourney 2541 (3 2)"]
[Site "Internet Chess Club"]
[Date "2021.04.30"]
[Round "9"]
[White "MYSORE, ABHINAV NAVEEN:Mapking1"]
[Black "YU, AVERY:Averyyu321"]
[Result "0-1"]
[ICCResult "White resigns"]
[WhiteElo "1999"]
[BlackElo "1671"]
[Opening "Sicilian: dragon, Yugoslav attack"]
[ECO "B75"]
[NIC "SI.17"]
[Time "22:16:27"]
[PlyCount "46"]
[TimeControl "180+2"]

1. e4 c5 2. Nf3 d6 3. d4 cxd4 4. Nxd4 Nf6 5. Nc3 g6 6. Be3 Bg7 7. f3 a6 8.
Qd2 Nbd7 9. a4 Ne5 10. Be2 Bd7 11. O-O O-O 12. Kh1 Rc8 13. b4 Qc7 14. Ra3
Nc4 15. Bxc4 Qxc4 16. b5 axb5 17. Ndxb5 Qxf1+ 18. Bg1 Bxb5 19. Nxb5 Qc4 20.
Rc3 Qe6 21. Nc7 Qd7 22. Bb6 Ne8 23. Rc4 Nxc7 { White resigns } 0-1

[Event "ICC tourney 2541 (3 2)"]
[Site "Internet Chess Club"]
[Date "2021.04.30"]
[Round "9"]
[White "SLADE, THEODORE LUKE:MrNormalName"]
[Black "KINGSLEY, PETER F:Saixua"]
[Result "1-0"]
[ICCResult "Black resigns"]
[WhiteElo "2170"]
[BlackElo "1447"]
[Opening "King's Indian: Gligoric-Taimanov system"]
[ECO "E92"]
[NIC "KI.18"]
[Time "22:16:33"]
[PlyCount "47"]
[TimeControl "180+2"]

1. d4 Nf6 2. c4 g6 3. Nc3 Bg7 4. e4 d6 5. Nf3 O-O 6. Be2 e5 7. Be3 Nc6 8.
d5 Ne7 9. Nd2 Ne8 10. c5 f5 11. f3 f4 12. Bf2 g5 13. Nc4 Nf6 14. cxd6 cxd6
15. Nb5 a6 16. Bb6 Qe8 17. Nc7 Qg6 18. Nxa8 g4 19. Qd3 gxf3 20. gxf3 Qg2
21. O-O-O Ne8 22. Rhg1 Qxh2 23. Rh1 Qg3 24. Rdg1 { Black resigns } 1-0

[Event "ICC tourney 2541 (3 2)"]
[Site "Internet Chess Club"]
[Date "2021.04.30"]
[Round "9"]
[White "MARKOVIC, GORAN:Goran21"]
[Black "POPILSKI, GIL:kurumania"]
[Result "1-0"]
[ICCResult "Black resigns"]
[WhiteElo "1995"]
[BlackElo "2514"]
[Opening "Sicilian: Najdorf, Lipnitzky attack"]
[ECO "B86"]
[NIC "SI.13"]
[Time "22:16:26"]
[PlyCount "59"]
[TimeControl "180+2"]

1. e4 c5 2. Nf3 d6 3. d4 cxd4 4. Nxd4 Nf6 5. Nc3 a6 6. Bc4 e6 7. Bb3 Nbd7
8. f4 Nc5 9. Qf3 Be7 10. f5 O-O 11. g4 Nxb3 12. axb3 Nd7 13. Be3 Ne5 14.
Qg2 Bh4+ 15. Bf2 Bxf2+ 16. Qxf2 Nxg4 17. Qg3 exf5 18. Rg1 Qf6 19. O-O-O
Qh6+ 20. Kb1 f4 21. Qf3 Ne5 22. Qf2 Be6 23. Nd5 Ng6 24. Nf5 Bxf5 25. exf5
Ne5 26. Nxf4 Kh8 27. Qg3 Rad8 28. Nd5 Rfe8 29. Rd4 Nc6 30. Rh4 { Black
resigns } 1-0

[Event "ICC tourney 2541 (3 2)"]
[Site "Internet Chess Club"]
[Date "2021.04.30"]
[Round "9"]
[White "BELOUS, VLADIMIR:Openyagami"]
[Black "GUSEINOV, GADIR:GGuseinov"]
[Result "1-0"]
[ICCResult "Black resigns"]
[WhiteElo "2602"]
[BlackElo "2715"]
[Opening "King's Indian: 5.Nf3"]
[ECO "E90"]
[NIC "KI.20"]
[Time "22:16:16"]
[PlyCount "51"]
[TimeControl "180+2"]

1. Nf3 g6 2. d4 Nf6 3. c4 Bg7 4. Nc3 d6 5. e4 O-O 6. h3 e5 7. d5 Nh5 8. Nh2
f5 9. exf5 e4 10. fxg6 hxg6 11. Be3 Nd7 12. Ng4 Nc5 13. Qd2 a5 14. Be2 Kh7
15. Bxc5 dxc5 16. Nxe4 Nf4 17. Bf3 Bxb2 18. O-O Bd4 19. g3 Nxh3+ 20. Kg2
Kg8 21. Qh6 Qe7 22. Qxh3 Bxa1 23. Rxa1 Bf5 24. Rh1 Bxe4 25. Qh8+ Kf7 26.
Rh7+ { Black resigns } 1-0

[Event "ICC tourney 2541 (3 2)"]
[Site "Internet Chess Club"]
[Date "2021.04.30"]
[Round "9"]
[White "VAKHIDOV, JAKHONGIR:TjkTiger"]
[Black "YE, LUKE SICONG:lukeye"]
[Result "1-0"]
[ICCResult "Black resigns"]
[WhiteElo "2603"]
[BlackElo "2075"]
[Opening "English: Mikenas-Carls variation"]
[ECO "A18"]
[NIC "EO.57"]
[Time "22:16:29"]
[PlyCount "63"]
[TimeControl "180+2"]

1. c4 Nf6 2. Nc3 e6 3. e4 d5 4. cxd5 exd5 5. e5 Ne4 6. Nf3 Nxc3 7. dxc3 c6
8. Bd3 Bg4 9. h3 Bh5 10. O-O Be7 11. Re1 O-O 12. Be2 Nd7 13. Nd4 Bxe2 14.
Qxe2 Nc5 15. Be3 Ne6 16. Nf5 g6 17. Nxe7+ Qxe7 18. Bh6 Rfe8 19. Qf3 Qh4 20.
Bd2 Ng7 21. Kh2 Re6 22. g3 Qe7 23. Bf4 Re8 24. h4 h6 25. Qg4 Kh7 26. Bd2
Rxe5 27. Qf4 g5 28. hxg5 hxg5 29. Rxe5 Qxe5 30. Qxf7 Qd6 31. Rh1 Qh6+ 32.
Kg2 { Black resigns } 1-0